 Dungeon Crawl Stone Soup version 0.30.1-4-g462c640d31 (webtiles) character file.

Game seed: 1129451979174755342

627 croobank the Covert (level 7, -5/49 HPs)
             Began as an Octopode Delver on Aug 21, 2023.
             Slain by an ogre
             ... wielding a +0 giant club
              (30 damage)
             ... on level 5 of the Dungeon.
             The game lasted 00:11:14 (3767 turns).

croobank the Covert (Octopode Delver)               Turns: 3767, Time: 00:11:15

Health: -5/49      AC:  1    Str: 12    XL:     7   Next: 47%
Magic:  7/7        EV: 14    Int: 14    God:
Gold:   175        SH:  0    Dex: 13    Spells: 6/6 levels left

rFire   . . .        b - +2 spear (freeze)
rCold   . . .        (no shield)
rNeg    . . .        (helmet restricted)
rPois   .            n - amulet of the acrobat
rElec   .            d - ring of resist corrosion
rCorr   +            u - ring of wizardry
SInv    .            (no ring)
Will    .....        (no ring)
Stlth   +++++        (no ring)
HPRegen 0.28/turn    (no ring)
MPRegen 0.10/turn    (no ring)
                     (no ring)

%: acrobat, wizardry (x1)
@: no status effects
A: almost no armour, amphibious, 8 rings, camouflage 1, gelatinous body 1,
(nimble swimmer 1), tentacles
a: no special abilities


You were on level 5 of the Dungeon.
You visited 1 branch of the dungeon, and saw 6 of its levels.

You collected 175 gold pieces.

Inventory:

Hand Weapons
 a - a +0 short sword
 b - a +2 spear of freezing (weapon)
 c - a +0 dagger of protection
 k - a +0 long sword
Missiles
 g - 7 poisoned darts (quivered)
Jewellery
 d - a ring of resist corrosion (left tentacle)
 n - an amulet of the acrobat (around mantle)
 s - an amulet of faith
 u - a ring of wizardry (right tentacle)
Wands
 f - a wand of digging (3)
Scrolls
 e - 5 scrolls of identify
 h - 3 scrolls of magic mapping
 i - a scroll of brand weapon {unknown}
 o - a scroll of enchant weapon {unknown}
 q - 2 scrolls of blinking {unknown}
 t - 3 scrolls of immolation {unknown}
 x - a scroll of fog
 y - a scroll of enchant armour {unknown}
Potions
 j - 2 potions of degeneration {unknown}
 l - a potion of brilliance {unknown}
 m - a potion of invisibility {unknown}
 p - a potion of lignification {unknown}
 r - a potion of resistance {unknown}
 v - 2 potions of might {unknown}
 w - 2 potions of curing
 z - 2 potions of attraction {unknown}
 A - a potion of heal wounds


   Skills:
 + Level 4.9 Fighting
 + Level 4.3 Short Blades
 + Level 4.3 Dodging
 + Level 8.7 Stealth


You had 6 spell levels left.
You didn't know any spells.
Your spell library contained the following spells:

 Spells                   Type           Power      Damage    Failure   Level
 Freeze                   Ice            0%         1d3       12%         1
 Scorch                   Fire           0%         2d5       17%         2
 Call Canine Familiar     Summ           0%         N/A       32%         3
 Frozen Ramparts          Ice            0%         1d1       32%         3
 Hailstorm                Conj/Ice       0%         3d3       32%         3
 Portal Projectile        Hex/Tloc       0%         N/A       32%         3
 Flame Wave               Conj/Fire      0%         2d4       71%         4
 Leda's Liquefaction      Hex/Erth       0%         N/A       71%         4
 Summon Cactus Giant      Summ           0%         N/A       100%        6


Dungeon Overview and Level Annotations

Branches:
Dungeon (6/15)
 Temple: D:4-7

Altars:

Shops:
D:1 *   D:4 (


Innate Abilities, Weirdness & Mutations

You cannot wear most types of armour.
You are amphibious.
You can wear up to eight rings at the same time.
Your skin changes colour to match your surroundings (Stealth+).
Your rubbery body absorbs attacks. (AC +1, EV +1)
((You are camouflaged when in or above water. (Stealth+)))
You have tentacles for arms and can constrict up to eight enemies at once.


Message History

You reach to attack!
The helpless iguana fails to defend itself.
You hit the iguana.
The iguana seems to slow down.
You freeze the iguana.
The iguana is heavily wounded.
You closely miss the iguana. You grab the iguana.
The iguana is heavily wounded.
You constrict the iguana, but do no damage.
The iguana closely misses you.
You hit the iguana.
The iguana seems to slow down.
You freeze the iguana.
You kill the iguana!
No target in view!
Found a stone staircase leading up.
There is a stone staircase leading up here.
h - 3 scrolls of magic mapping (gained 1)
A hound is nearby!
You reach to attack!
You hit the hound. You freeze the hound.
The hound is heavily wounded.
The hound bites you.
You hit the hound. You freeze the hound. Your grab misses the hound.
Your squeeze misses the hound.
The hound is severely wounded.
The hound bites you but does no damage.
You barely miss the hound. You grab the hound.
The hound is severely wounded.
You constrict the hound. The hound closely misses you. The hound bites you.
You hit the hound. You freeze the hound.
You kill the hound!
An ogre comes into view. It is wielding a +0 giant club.
You reach to attack!
The helpless ogre fails to defend itself.
You hit the ogre. You freeze the ogre.
The ogre is lightly wounded.
You hit the ogre. You freeze the ogre. You squeeze the ogre.
The ogre is moderately wounded.
The ogre hits you with a +0 giant club!!
You hit the ogre. You freeze the ogre.
The ogre is moderately wounded.
The ogre hits you with a +0 giant club!!
Ouch! That really hurt!
You die...

,#.#####.#..## ##.###.###.#
#.... ,#.* ##...# #......,..#
#.... ,#,* #....## ##.###.#####
##### ,*,* #.###.###......# #
,*,* #.# #.....#**#.# ,*,* #.#
#.##..# #.# ,*,* #.# #.....#
#.# ,*,* #.# #####.## *,* ,*,*
#.# *#.@.#************** ,,,*
#.#***#..O..#***,,,,,,,,,, ****
****,#.......#,****,,*****
****,...........,******
****,*...............*,****
****,*,,,...............,,,*,**
*,*,,,,,,...............,,,,,,*
*,**,*,,,...............,,,*,**
*,*****,*,,,,.......,,,,*,****


You could see an ogre.

Vanquished Creatures
  Duvessa (D:4)
  Dowan (D:4)
  A howler monkey (D:5)
  3 hounds
  A jelly (D:5)
  An orc priest (D:3)
  3 iguanas
  2 orc wizards (D:3)
  Robin (D:2)
  3 gnolls (D:2)
  3 adders
  A white imp (D:4)
  An ufetubus (D:5)
  A worm (D:5)
  3 dart slugs
  3 orcs (D:3)
  5 ball pythons
  10 endoplasms
  2 giant cockroaches
  13 goblins
  8 hobgoblins
  4 kobolds
  5 quokkas
  4 bats
  A frilled lizard (D:2)
  3 rats
84 creatures vanquished.

Notes
Turn   | Place    | Note
-------+----------+-------------------------------------------
     0 | D:5      | croobank the Octopode Delver began the quest for the Orb.
     0 | D:5      | Reached XP level 1. HP: 16/16 MP: 1/1
    17 | D:6      | Noticed an ice beast
    90 | D:5      | Noticed an iguana
   141 | D:4      | Found Vinicros's Weapon Boutique.
   279 | D:4      | Noticed a hound
   284 | D:4      | Killed a hound
   285 | D:4      | Reached skill level 7 in Stealth
   285 | D:4      | Reached XP level 2. HP: 21/21 MP: 2/2
   285 | D:4      | Reached XP level 3. HP: 26/26 MP: 3/3
   566 | D:3      | Reached XP level 4. HP: 2/31 MP: 4/4
   566 | D:3      | HP: 1/31 [rat (2)]
  1359 | D:1      | Found Pisov's Assorted Antiques.
  1796 | D:2      | Reached XP level 5. HP: 37/37 MP: 5/5
  1858 | D:2      | Noticed Robin
  1894 | D:2      | Killed Robin
  2273 | D:3      | Reached XP level 6. HP: 26/43 MP: 6/6
  2750 | D:4      | Noticed Duvessa
  2750 | D:4      | Noticed Dowan
  2764 | D:4      | Killed Duvessa
  2765 | D:4      | Reached skill level 8 in Stealth
  2776 | D:4      | Killed Dowan
  2777 | D:4      | Reached XP level 7. HP: 9/49 MP: 7/7
  3767 | D:5      | Slain by an ogre

Illustrated notes

Levels and vault maps discovered:
D:1:      dpeg_arrival_renting, layout_basic, serial_shops, shop,
          palyth_stone_intersect, minmay_door_square
D:2:      layout_basic, uniq_robin
D:3:      layout_rooms
D:4:      layout_loops_ring, serial_shops, shop, uniq_duvessa
D:5:      layout_loops_ring, mainiacjoe_overflow_alcove_4, fountainhead,
          nicolae_figureground_pulse
D:6:      layout_basic, mainiacjoe_overflow_boulevard,
          mainiacjoe_overflow_paths, mainiacjoe_overflow_cross_hatched,
          gammafunk_temple_overflow_forgotten, minmay_temple_entry_fiery

Skill      XL: |  1  2  3  4  5  6  7 |
---------------+----------------------+-----
Stealth        | 7 8 |  8.7
Short Blades   | 3 4 |  4.3
Dodging        | 3 4 |  4.3
Fighting       | 4 |  4.9

Action                     |  1- 3 |  4- 6 |  7- 9 || total
---------------------------+-------+-------+-------++-------
  Melee: Dagger            |    18 |    63 |       ||    81
         Short sword       |     2 |       |       ||     2
         Constrict         |     2 |    31 |     8 ||    41
         Tentacles         |     2 |    27 |     7 ||    36
         Spear             |       |    84 |    34 ||   118
         Punch             |       |     1 |       ||     1
  Throw: Dart              |       |     5 |       ||     5
    Use: Scroll            |     2 |     3 |       ||     5
         Potion            |       |     5 |       ||     5
   Stab: Sleeping          |     3 |    27 |     4 ||    34
 Armour: Skin              |     3 |    30 |     2 ||    35
  Dodge: Dodged            |     4 |    74 |    12 ||    90
